 Dungeon Crawl Stone Soup version 0.23.2-1-ga50397a (webtiles) character file.

Game seed: 1537440033999823382

70 Magicfruit the Conjurer (level 4, 0/27 HPs)
             Began as an Octopode Conjurer on May 24, 2019.
             Slain by an orc priest
             ... wielding a +2 whip of venom
              (5 damage)
             ... on level 3 of the Dungeon.
             The game lasted 00:08:26 (1660 turns).

Magicfruit the Conjurer (Octopode Conjurer)         Turns: 1660, Time: 00:08:27

Health: 0/27       AC:  1    Str:  7    XL:     4   Next: 21%
Magic:  1/7        EV: 13    Int: 18    God:
Gold:   107        SH:  0    Dex: 12    Spells: 0/7 levels left

rFire    . . .     SeeInvis .   c - +1 short sword
rCold    . . .     Gourm    .   (no shield)
rNeg     . . .     Faith    .   (helmet restricted)
rPois    .         Spirit   .   (no amulet)
rElec    .         Reflect  .   (no ring)
rCorr    .         Harm     .   (no ring)
MR       .....                  (no ring)
Stlth    +++.......             (no ring)
HPRegen  0.09/turn              (no ring)
MPRegen  0.10/turn              (no ring)
                                (no ring)
                                (no ring)

@: lethally poisoned (0 -> -10), very slightly contaminated
A: almost no armour, stealthy swim, amphibious, 8 rings, constrict 8, camouflage
1, gelatinous body 1
a: no special abilities


You were on level 3 of the Dungeon.
You were not hungry.

You visited 1 branch of the dungeon, and saw 3 of its levels.

You collected 107 gold pieces.

Inventory:

Hand Weapons
 c - a +1 short sword (weapon)
 f - a +0 falchion
Armour
 g - a +1 cloak
Scrolls
 d - a scroll of teleportation
 e - 3 scrolls of enchant armour
Potions
 a - a potion of heal wounds
Comestibles
 b - 3 rations


   Skills:
 + Level 0.1 Fighting
 + Level 0.1 Short Blades
 + Level 2.2 Dodging
 + Level 3.3 Stealth
 + Level 2.3 Spellcasting
 + Level 5.0 Conjurations


You couldn't memorise any spells.
You knew the following spells:

 Your Spells              Type           Power        Failure   Level  Hunger
a - Magic Dart            Conj           ###.         2%          1    #......
b - Searing Ray           Conj           ###...       3%          2    ##.....
c - Iskenderun's Mystic   Conj           ###.....     22%         4    #####..

Your spell library contained the following spells:

 Spells                   Type           Power        Failure   Level  Hunger
 Dazzling Spray           Conj/Hex       ##....       19%         3    ###....
 Force Lance              Conj/Tloc      ##......     52%         4    #####..
 Fulminant Prism          Conj/Hex       ##........   52%         4    #####..


Dungeon Overview and Level Annotations

Branches:
Dungeon (3/15)

Altars:


Innate Abilities, Weirdness & Mutations

You cannot wear most types of armour.
You are very stealthy in the water. (Stealth+)
You are amphibious.
You can wear up to eight rings at the same time.
You can use your tentacles to constrict eight enemies at once.
Your skin changes colour to match your surroundings (Stealth+).
Your rubbery body absorbs attacks. (AC +1, EV +1)


Message History

You hit the orc priest.
The orc priest is moderately wounded.
You constrict the orc priest, but do no damage.
You feel sick.
The orc priest hits you with a +2 whip of venom!
* * * LOW HITPOINT WARNING * * *
You hit the orc priest.
You squeeze the orc priest, but do no damage.
The orc priest is heavily wounded.
You constrict the orc priest.
* * * LOW HITPOINT WARNING * * *
You feel sick.
The orc priest escapes!
You hit the orc priest but do no damage.
You grab the orc priest. You squeeze the orc priest.
The orc priest is severely wounded.
You constrict the orc priest, but do no damage.
* * * LOW HITPOINT WARNING * * *
You feel sick.
The orc priest hits you with a +2 whip of venom.
You die...

###
#.#######
#<.......
#
#.#######
#.#.#.###
#...o@..#
#.#)#o#.#
#.#.#.# #
#.# . #.#
## #.#
#.# #.#


You could see an orc priest and an orc.

Vanquished Creatures
  An adder (D:2)
  An ooze (D:2)
  4 worms (D:2)
  A dart slug (D:1)
  A leopard gecko (D:1)
  An orc (D:3)
  A giant cockroach (D:1)
  4 hobgoblins (D:2)
  7 kobolds
  8 bats
  4 frilled lizards
  7 goblins
  3 rats (D:1)
43 creatures vanquished.

Notes
Turn   | Place    | Note
-------+----------+-------------------------------------------
     0 | D:1      | Magicfruit the Octopode Conjurer began the quest for the
                  | Orb.
     0 | D:1      | Reached XP level 1. HP: 11/11 MP: 3/3
   200 | D:1      | Reached XP level 2. HP: 11/17 MP: 1/5
   780 | D:2      | Reached XP level 3. HP: 21/21 MP: 4/6
  1292 | D:2      | Learned a level 2 spell: Searing Ray
  1336 | D:2      | Reached skill level 5 in Conjurations
  1336 | D:2      | Reached XP level 4. HP: 27/27 MP: 3/7
  1344 | D:2      | Learned a level 4 spell: Iskenderun's Mystic Blast
  1660 | D:3      | Slain by an orc priest

Skill      XL: |  1  2  3 |
---------------+----------+-----
Stealth        | 3 |  3.3
Conjurations   | 5 |  5.0
Fighting       | |  0.1
Short Blades   | |  0.1
Dodging        | |  2.2
Spellcasting   | |  2.3

Action                   |  1- 3 |  4- 6 || total
-------------------------+-------+-------++-------
Melee: Short sword       |    14 |     8 ||    22
       Constrict         |     6 |     3 ||     9
       Unarmed           |     1 |       ||     1
       Tentacles         |     2 |     2 ||     4
 Cast: Magic Dart        |    73 |    12 ||    85
       Iskenderun's Myst |       |     1 ||     1
       Searing Ray       |       |     1 ||     1
  Use: Scroll            |     5 |     1 ||     6
       Potion            |     3 |       ||     3
  Eat: Ration            |     1 |       ||     1
Armor: Skin              |     3 |     2 ||     5
Dodge: Dodged            |    13 |    17 ||    30
